 Dungeon Crawl Stone Soup version 0.29-a0-284-gf9362112df (webtiles) character file.

Game seed: 9277840133610317133

6 spaghetti the Sneak (level 1, 0/16 HPs)
             Began as an Octopode Delver on Mar 19, 2022.
             Slain by a scorpion (5 damage)
             ... on level 5 of the Dungeon.
             The game lasted 00:01:12 (912 turns).

spaghetti the Sneak (Octopode Delver)                Turns: 912, Time: 00:01:12

Health: 0/16       AC:  1    Str: 11    XL:     1   Next: 90%
Magic:  1/1        EV: 13    Int: 12    God:
Gold:   0          SH:  0    Dex: 13    Spells: 0/0 levels left

rFire   . . .      SeeInvis .   a - +0 short sword {short}
rCold   . . .      Faith    .   (no shield)
rNeg    . . .      Spirit   .   (helmet restricted)
rPois   .          Reflect  .   (no amulet)
rElec   .          Harm     .   (no ring)
rCorr   .          Rampage  .   (no ring)
Will    .....                   (no ring)
Stlth   ++++......              (no ring)
HPRegen 0.05/turn               (no ring)
MPRegen 0.07/turn               (no ring)
                                (no ring)
                                (no ring)

@: lethally poisoned (0 -> -13)
A: almost no armour, amphibious, 8 rings, camouflage 1, gelatinous body 1,
(nimble swimmer 1), tentacles
a: no special abilities


You were on level 5 of the Dungeon.
You visited 1 branch of the dungeon, and saw 3 of its levels.


Innate Abilities, Weirdness & Mutations

You cannot wear most types of armour.
You are amphibious.
You can wear up to eight rings at the same time.
Your skin changes colour to match your surroundings (Stealth+).
Your rubbery body absorbs attacks. (AC +1, EV +1)
((You are camouflaged when in or above water. (Stealth+)))
You have tentacles for arms and can constrict up to eight enemies at once.


   Skills:
 - Level 3.0 Fighting
 - Level 2.0 Short Blades
 - Level 2.0 Dodging
 + Level 7.1 Stealth


You couldn't memorise any spells.
You didn't know any spells.
Your spell library was empty.

Inventory:

Hand Weapons
 a - a +0 short sword (weapon) {short}
Missiles
 d - 24 stones (quivered) {throwing}
Wands
 f - a wand of digging (3)
Scrolls
 b - a scroll of fog
 c - a scroll of magic mapping {!r}
 g - a scroll of identify {unknown}

Dungeon Overview and Level Annotations

Branches:
Dungeon (6/15)
 Temple: D:4-7

Altars:

Annotations:
D:4 Edmund

##.......##.....##......#
##.≈PP..........+.......#
...P≈≈≈≈P.......#.......#
..≈≈≈PP≈≈≈P.....##......#
..PP♣♣♣≈≈P#.....##......#
P.≈♣♣ ♣♣≈...............#
P.P♣♣ ≈≈......##.....##
..≈P♣ P.......#####+##
..P≈≈≈♣ P.......@.......
..P≈≈≈P P........s......
###P≈P....##############
##.... ##


You could see a scorpion.


Message History

The orc hits you with a +0 war axe! 😮 HP[-7]
You take 7 damage, and now have 9/16 hp.
MASSIVE DAMAGE!! (PAUSE)
You hit the orc but do no damage. You constrict the orc.
The orc barely misses you.
You hit the orc.
You constrict the orc, but do no damage.
The orc hits you with a +0 war axe.
* * * LOW HITPOINT WARNING * * *
😨 HP[-3]
You take 3 damage, and now have 6/16 hp.
You hit the orc.
You kill the orc!
Your Stealth skill increases to level 7!
You start resting.
A phantom comes into view. 😮 HP[+4]
You regained 4 hp, and now have 10/16 hp.
Unknown command.
There is a stone staircase leading up here.
You climb upwards.
There is a stone staircase leading down here.
Unknown command.
Unknown command.
You start resting. 😎 HP[+6]
Your hp is fully restored (16).
You open the door.
There is an open door here.
You open the door.
There is an open door here.
You open the door.
Key pressed, stopping explore.
There is an open door here.
You open the door.
There is an open door here.
An iguana is nearby!
There is an open door here.
You close the door.
You open the door.
There is an open door here.
As you close the door, it creaks loudly!
You open the door.
There is an open door here.
You close the door.
You open the door.
There is an open door here.
You close the door.
A hound comes into view.
You open the door.
There is an open door here.
You close the door.
You open the door.
Found a stone staircase leading down.
There is an open door here.
You close the door.
You open the door.
There is an open door here.
You close the door.
As you open the door, it creaks loudly!
There is an open door here.
You close the door.
You open the door.
There is an open door here.
You close the door.
You open the door.
There is an open door here.
As you open the door, it creaks loudly!
There is an open door here.
d - 24 stones {throwing} A scorpion comes into view.
A scorpion is nearby!
A scorpion is nearby!
The helpless scorpion fails to defend itself.
You puncture the scorpion! Your grab misses the scorpion.
The scorpion stings you.
You are poisoned.
The scorpion poisons you! The scorpion stings you.
You are lethally poisoned!
The scorpion poisons you! 😕 HP[-2]
You take 2 damage, and now have 14/16 hp.
Unknown command.
Unknown command.
Unknown command.
You barely miss the scorpion. You grab the scorpion.
You constrict the scorpion, but do no damage.
You feel very sick.
The scorpion barely misses you. 😮 HP[-5]
You take 5 damage, and now have 9/16 hp.
MASSIVE DAMAGE!! (PAUSE)
You hit the scorpion.
You tentacle-slap the scorpion, but do no damage.
You constrict the scorpion, but do no damage.
* * * LOW HITPOINT WARNING * * *
You feel very sick. The scorpion stings you.
You die...

Skill      XL: |  1 |
---------------+----+-----
Stealth        | 7 |  7.1
Fighting       | |  3.0
Short Blades   | |  2.0
Dodging        | |  2.0

Action                   || total
-------------------------++-------
Melee: Short sword       ||    11
       Constrict         ||     2
       Punch             ||     1
  Use: Scroll            ||     1
       Potion            ||     1
 Stab: Sleeping          ||     3
Dodge: Dodged            ||     5

Levels and vault maps discovered:
D:4:      layout_loops_ring, minitemple, uniq_edmund, uniq_eustachio
D:5:      layout_gridville, serial_bayou, serial_bayou_pond_c,
          serial_bayou_lagoon_a, serial_bayou_crossing, serial_bayou_pond_b,
          serial_shops, nicolae_shop_crystal, kennysheep_generic_room_13
D:6:      layout_cave_pods, minmay_temple_entry_mini_moons, nicolae_shop_gadgets

Notes
Turn   | Place    | Note
-------+----------+-------------------------------------------
     0 | D:5      | spaghetti the Octopode Delver began the quest for the Orb.
     0 | D:5      | Reached XP level 1. HP: 16/16 MP: 1/1
     0 | D:5      | magus.rc [v1.9.6]
    18 | D:5      | Noticed an iguana
    30 | D:4      | Noticed Edmund
    39 | D:5      | HP: 4/16 [iguana (12)]
   285 | D:4      | Noticed an orc wizard
   287 | D:4      | HP: 2/16 [something/puff of flame (14)]
   589 | D:6      | Reached skill level 7 in Stealth
   659 | D:6      | Noticed a phantom
   843 | D:5      | Noticed a hound
   907 | D:5      | Noticed a scorpion
   912 | D:5      | Slain by a scorpion

Vanquished Creatures
  3 orcs (D:6)
3 creatures vanquished.

Table legend:
 A = Non-vault XP
 B = Vault XP
 C = Vault XP percentage of total XP
 D = Non-vault monster count
 E = Vault monster count
 F = Vault count percentage of total count
                 A         B        C        D         E       F
            +---------+---------+-------+---------+---------+-------
      Total |       9 |       0 |   0.0 |       3 |       0 |   0.0
            +---------+---------+-------+---------+---------+-------
        D:6 |       9 |       0 |   0.0 |       3 |       0 |   0.0
            +---------+---------+-------+---------+---------+-------

Illustrated notes

Table legend:
 A = Kills in this place as a percentage of kills in entire the game.
 B = Kills by you in this place as a percentage of kills by you in the entire game.
 C = Kills by friends in this place as a percentage of kills by friends in the entire game.
 D = Other kills in this place as a percentage of other kills in the entire game.
 E = Experience gained in this place as a percentage of experience gained in the entire game.
 F = Experience gained in this place divided by the number of levels of this place that you have seen.
                   A       B       C       D       E      F
               +-------+-------+-------+-------+-------+----------------------
         Total | 100.0 | 100.0 |   N/A |   N/A | 100.0 |   3.0
       Dungeon | 100.0 | 100.0 |   N/A |   N/A | 100.0 |   3.0
               +-------+-------+-------+-------+-------+----------------------

Table legend: (Time is in decaauts)
 A = Elapsed time spent in this place.
 B = Non-inter-level travel time spent in this place.
 C = Inter-level travel time spent in this place.
 D = Time resting spent in this place.
 E = Time spent auto-exploring this place.
 F = Levels seen in this place.
 G = Mean time per level.
                   A        B        C        D        E       F      G
               +--------+--------+--------+--------+--------+-----+--------+
         Total |    894 |    894 |      0 |    445 |    308 |   3 |  298.0 |
       Dungeon |    894 |    894 |      0 |    445 |    308 |   3 |  298.0 |
               +--------+--------+--------+--------+--------+-----+--------+

Top non-repeatable levels by time:
     D:5: 571 daAuts
     D:4: 240 daAuts
     D:6: 82 daAuts
